Map: Simulacrum LE

Players

GOLDuX

  • Race: Zerg Zerg
  • League: Master
  • Spawn Location: 5:00

ViBE - Winner!

  • Race: Terran Terran
  • League: Master
  • Spawn Location: 11:00

VOD

Have the link to the VOD?

Description

Time

  • Played on: Dec. 27, 2019, 12:33 a.m.
  • Length: 10:34
Show
View Real Time Build Order
Export as new Build Order

GOLDuX Zerg 

Build Orders: Hatch First 

Get SALT Encoding   

  12  0:02  Drone  
  13  0:12  Overlord  
  13  0:17  Drone  
  14  0:31  Drone x2  
  17  0:35  Drone  
  17  0:54  Hatchery  
  16  0:57  Drone  
  16  1:01  Drone  
  16  1:03  Extractor  
  17  1:16  Spawning Pool  
  16  1:19  Drone  
  16  1:23  Drone  
  18  1:28  Drone  
  19  1:39  Overlord  
  19  1:50  Drone  
  20  2:01  Drone  
  21  2:05  Metabolic Boost  
  21  2:07  Queen  
  21  2:08  Queen  
  23  2:13  Zergling x2  
  26  2:16  Zergling x2  
  26  2:19  Zergling x2  
  26  2:22  Drone  
  29  2:28  Drone  
  29  2:37  Spore Crawler  
  29  2:40  Drone  
  29  2:42  Drone  
  31  2:57  Pneumatized Carapace  
  31  2:58  Hatchery  
  31  3:00  Drone  
  30  3:06  Drone  
  30  3:08  Drone x2  
  30  3:11  Drone  
  30  3:12  Drone  
  35  3:18  Overlord  
  35  3:22  Overlord  
  35  3:36  Queen  
  37  3:43  Spore Crawler  
  37  3:46  Drone x3  
  37  3:47  Drone x2  
  42  3:50  Drone  
  42  3:53  Drone x3  
  46  4:05  Zergling x4  
  48  4:10  Extractor  
  48  4:12  Spore Crawler, Queen  
  48  4:25  Lair  
  48  4:26  Drone x2  
  48  4:28  Drone x3  
  53  4:39  Overlord x2  
  53  4:40  Overlord  
  53  4:41  Spore Crawler, Drone x3  
  53  4:42  Drone  
  53  4:43  Spore Crawler  
  53  4:45  Drone  
  56  4:50  Overlord  
  56  4:57  Queen  
  56  4:58  Queen  
  56  4:59  Overlord  
  58  5:09  Drone x3  
  58  5:10  Drone x5  
  58  5:13  Drone x2  
  68  5:27  Spire  
  68  5:28  Extractor  
  66  5:31  Drone  
  66  5:32  Drone  
  66  5:33  Extractor  
  66  5:34  Queen  
  69  5:36  Extractor x2  
  67  5:44  Drone x4  
  67  5:45  Drone x2  
  67  5:46  Drone x3  
  74  6:05  Drone x4  
  74  6:06  Drone  
  74  6:07  Drone  
  74  6:08  Drone  
  67  6:19  Zergling x2  
  67  6:20  Zergling x10  
  70  6:27  Zergling x2  
  70  6:29  Roach Warren  
  70  6:32  Zergling x6  
  73  6:51  Overlord x2  
  73  6:52  Overlord x3  
  73  6:55  Zerg Flyer Weapons Level 1  
  61  7:12  Roach x4  
  61  7:13  Roach x3  
  75  7:23  Glial Reconstitution, Roach x2  
  78  7:30  Evolution Chamber  
  78  7:36  Drone x3  
  72  7:37  Drone x2  
  72  7:40  Drone  
  72  7:41  Spore Crawler  
  74  7:46  Drone x3, Queen  
  80  7:57  Drone x2  
  81  8:01  Corruptor  
  81  8:02  Corruptor x2  
  87  8:10  Corruptor  
  87  8:11  Corruptor x2  
  91  8:36  Corruptor x3  
  91  8:37  Corruptor  
  99  8:43  Corruptor x2  
  99  8:48  Drone x3  
  105  8:53  Overlord x3  
  106  8:57  Hatchery  
  99  9:05  Drone x3  
  100  9:20  Drone  
  100  9:21  Drone x5  
  106  9:29  Spine Crawler  
  106  9:30  Drone x3  
  108  9:36  Drone x3  
  108  9:37  Evolution Chamber  
  110  9:46  Drone x2  
  110  9:50  Drone  
  110  9:51  Baneling Nest  
  112  9:56  Spine Crawler x2  
  112  9:57  Spine Crawler  
  112  9:59  Drone x7  
  116  10:03  Drone x3  
  116  10:05  Drone  
  116  10:06  Drone  
  121  10:15  Zergling x8  
Show
View Real Time Build Order
Export as new Build Order

ViBE Terran - Winner!

Build Orders: Reaper Expand 

Get SALT Encoding   

  12  0:00  SCV  
  13  0:12  SCV  
  14  0:17  Supply Depot  
  14  0:25  SCV  
  15  0:39  SCV  
  15  0:40  Barracks  
  16  0:46  Refinery  
  16  0:51  SCV  
  17  1:03  SCV  
  18  1:15  SCV  
  19  1:27  Orbital Command  
  19  1:28  Reaper  
  20  1:42  Command Center  
  20  1:55  Supply Depot  
  20  2:08  SCV  
  21  2:16  Factory  
  21  2:20  SCV  
  22  2:23  Refinery  
  22  2:24  Barracks Reactor  
  22  2:33  SCV  
  23  2:45  SCV  
  24  2:57  SCV  
  25  3:09  SCV, Starport  
  25  3:12  Orbital Command  
  26  3:16  Hellion x2  
  30  3:21  SCV  
  31  3:31  Supply Depot  
  31  3:37  Hellion  
  31  3:38  Hellion  
  35  3:41  Barracks Tech Lab  
  35  3:45  SCV x2  
  35  3:47  Viking  
  39  3:49  Fusion Core  
  39  3:56  Supply Depot  
  39  3:57  SCV x2  
  41  4:09  SCV x2  
  43  4:21  SCV x2, Hellion x2  
  48  4:27  Supply Depot  
  48  4:33  SCV  
  48  4:34  SCV  
  50  4:43  Battlecruiser  
  56  4:45  SCV  
  56  4:46  SCV  
  58  4:57  Command Center  
  58  4:58  SCV x2, Supply Depot  
  60  5:08  Hellion  
  60  5:09  Hellion  
  60  5:10  SCV x2  
  60  5:12  Weapon Refit  
  66  5:20  Refinery  
  66  5:21  Supply Depot, Refinery  
  66  5:22  SCV x2  
  68  5:31  Supply Depot  
  68  5:34  SCV x2  
  70  5:42  Hellion x2  
  74  5:46  SCV x2  
  76  5:55  Battlecruiser  
  82  6:03  Hellion x2  
  84  6:25  Hellion x2  
  88  6:26  SCV x2  
  88  6:28  Factory  
  88  6:29  Factory  
  88  6:30  Orbital Command  
  90  6:38  Command Center  
  90  6:40  Armory x2  
  90  6:43  SCV x2  
  92  6:50  Engineering Bay  
  92  6:55  SCV  
  92  6:57  Refinery  
  92  6:58  Refinery  
  92  7:01  Battlecruiser  
  95  7:10  Orbital Command  
  95  7:13  Factory Tech Lab  
  95  7:14  Factory Tech Lab, Hellion  
  95  7:15  Hellion  
  97  7:16  SCV x2  
  93  7:37  Cyclone x2, Hellion x2  
  93  7:49  Terran Ship Weapons Level 1, Terran Vehicle And Ship Armor Level 1, Infernal Pre-Igniter  
  94  7:51  SCV x3  
  96  8:02  Command Center  
  96  8:03  SCV x3  
  99  8:11  Cyclone x2  
  99  8:12  Hellion x2  
  109  8:13  Mag-Field Accelerator  
  109  8:30  Battlecruiser  
  115  8:40  SCV x3  
  118  8:43  Planetary Fortress  
  118  8:48  Supply Depot x2  
  118  8:49  Supply Depot x2  
  118  8:51  Supply Depot  
  118  8:52  SCV x3  
  121  9:05  Cyclone  
  121  9:09  Cyclone  
  131  9:10  Hellion x2  
  125  9:22  Supply Depot x4  
  121  9:29  SCV x4  
  125  9:35  Command Center  
  125  9:41  SCV x3  
  125  9:43  Cyclone x2  
  125  9:44  Hellion x2  
  138  9:52  Refinery  
  138  9:55  Refinery  
  138  10:07  Starport x2  
  138  10:08  SCV x3  
  138  10:09  SCV  
Tags
 
Add a new tag
Caveats
  • Supply blocks, unpowered buildings, or Contaminate may cause inaccurate times.
  • Supply counts are checked every 10 seconds.